SNL (28 & UNDER)
SANTA FE DIABLOS @ MONTGOMERY BISCUITS
09/15/2027
 
TOP OF THE 1ST
Santa Fe Diablos batting - Pitching for Montgomery Biscuits : LHP Trevor Nichols
Pitching: LHP Trevor Nichols
Batting: RHB Félix Campos 0-0: SINGLE (Line Drive, 89S)
Batting: RHB Gerald Johnson 0-0: Ball
1-0: Ball
2-0: Foul Ball, location: 2F
2-1: Foul Ball, location: 2F
2-2: Ball
3-2: Base on Balls
Félix Campos to second
Batting: RHB Ray Ervin 0-0: Swinging Strike
0-1: Ball
Félix Campos steals 3rd base
Gerald Johnson to second
1-1: DOUBLE (Line Drive, 7LM)
Félix Campos scores
Gerald Johnson scores
Batting: LHB Michael Barrett 0-0: Swinging Strike
0-1: Ball
1-1: Ball
2-1: Foul Ball, location: 2F
2-2: Strikes out swinging
Batting: RHB Frank Martínez 0-0: SINGLE (Groundball, 6MD)
Ray Ervin to third
Batting: LHB Luis Torres 0-0: Called Strike
0-1: Ball
1-1: Called Strike
1-2: Fielders Choice at 2nd, 4-6 (Groundball, 34)
Ray Ervin scores
Batting: RHB Mike Martin 0-0: Ball
1-0: Called Strike
1-1: Called Strike
1-2: Hit by Pitch
Luis Torres to second
Batting: LHB Arturo Rodledo 0-0: Called Strike
0-1: Swinging Strike
0-2: Foul Ball, location: 2F
0-2: Ball
1-2: Strikes out swinging
Top of the 1st over - 3 run(s), 3 hit(s), 0 error(s), 2 left on base; Santa Fe 3 - Montgomery 0
BOTTOM OF THE 1ST
Montgomery Biscuits batting - Pitching for Santa Fe Diablos : RHP Jerry Campbell
Pitching: RHP Jerry Campbell
Batting: LHB António Fernández 0-0: Called Strike
0-1: Ball
1-1: Fly out, F8 (Flyball, 89M)
Batting: RHB Jerry Johnston 0-0: Ball
1-0: Swinging Strike
1-1: Swinging Strike
1-2: Strikes out swinging
Batting: RHB José Montoya 0-0: Foul Ball, location: 2F
0-1: Ball
1-1: Foul Ball, location: 2F
1-2: Hit by Pitch
Batting: RHB Carlos Vásquez 0-0: Ball
José Montoya steals 2nd base
1-0: Swinging Strike
1-1: Ball
2-1: Ball
3-1: Called Strike
3-2: Base on Balls
Batting: LHB Bob Jones 0-0: Ground out 6-3 (Groundball, 6M)
Bottom of the 1st over - 0 run(s), 0 hit(s), 0 error(s), 2 left on base; Santa Fe 3 - Montgomery 0
TOP OF THE 2ND
Santa Fe Diablos batting - Pitching for Montgomery Biscuits : LHP Trevor Nichols
Batting: LHB Javier Martínez 0-0: SINGLE (Line Drive, 89M)
Batting: RHB Félix Campos 0-0: Foul Ball, location: 2F
0-1: Ball
1-1: Foul Ball, location: 2F
1-2: Strikes out swinging
Batting: RHB Gerald Johnson 0-0: Called Strike
0-1: Ball
1-1: Swinging Strike
1-2: Ball
2-2: Grounds into double play, 5-4-3 (Groundball, 56)
Top of the 2nd over - 0 run(s), 1 hit(s), 0 error(s), 0 left on base; Santa Fe 3 - Montgomery 0
BOTTOM OF THE 2ND
Montgomery Biscuits batting - Pitching for Santa Fe Diablos : RHP Jerry Campbell
Batting: RHB Rusty Downy 0-0: Ball
1-0: Ball
2-0: Called Strike
2-1: Ball
3-1: Base on Balls
Batting: RHB Bob McDonald 0-0: Ball
Wild Pitch!
Rusty Downy to second
1-0: Swinging Strike
1-1: Ball
2-1: Foul Ball, location: 2F
2-2: Foul Ball, location: 2F
2-2: Ball
3-2: Base on Balls
Batting: RHB Glen MacDonald 0-0: Grounds into double play, 4-6-3 (Groundball, 4)
Rusty Downy to third
Batting: RHB Dave Roberts 0-0: Called Strike
0-1: Ball
1-1: Foul Ball, location: 2F
1-2: Ball
2-2: Foul Ball, location: 2F
2-2: Foul Ball, location: 2F
2-2: DOUBLE (Line Drive, 7)
Rusty Downy scores
Batting: LHB António Fernández 0-0: Swinging Strike
0-1: Ball
1-1: Ball
2-1: Ball
3-1: Base on Balls
Batting: RHB Jerry Johnston 0-0: Ball
1-0: Ball
2-0: DOUBLE (Flyball, 78M)
Dave Roberts scores
António Fernández to third
Runner from 3rd tries for Home, SAFE, throw made home
Batting: RHB José Montoya 0-0: Fly out, F8 (Flyball, 78XD)
Bottom of the 2nd over - 3 run(s), 2 hit(s), 0 error(s), 1 left on base; Santa Fe 3 - Montgomery 3
TOP OF THE 3RD
Santa Fe Diablos batting - Pitching for Montgomery Biscuits : LHP Trevor Nichols
Batting: RHB Ray Ervin 0-0: Called Strike
0-1: SOLO HOME RUN (Flyball, 7D), Distance : 387 ft
Batting: LHB Michael Barrett 0-0: Called Strike
0-1: Ball
1-1: Ball
2-1: Foul Ball, location: 2F
2-2: Strikes out swinging
Batting: RHB Frank Martínez 0-0: Ball
1-0: Ball
2-0: Ground out 6-3 (Groundball, 6)
Batting: LHB Luis Torres 0-0: Ball
1-0: Called Strike
1-1: Ball
2-1: Called Strike
2-2: Fly out, F7 (Flyball, 7)
Top of the 3rd over - 1 run(s), 1 hit(s), 0 error(s), 0 left on base; Santa Fe 4 - Montgomery 3
BOTTOM OF THE 3RD
Montgomery Biscuits batting - Pitching for Santa Fe Diablos : RHP Jerry Campbell
Batting: RHB Carlos Vásquez 0-0: Ball
1-0: Called Strike
1-1: Ball
2-1: Swinging Strike
2-2: Ball
3-2: Strikes out swinging
Batting: LHB Bob Jones 0-0: SINGLE (Line Drive, 8LS)
Batting: RHB Rusty Downy 0-0: Swinging Strike
0-1: Foul Ball, location: 2F
0-2: Strikes out swinging
Batting: RHB Bob McDonald 0-0: Ball
1-0: Called Strike
1-1: Foul Ball, location: 2F
1-2: Strikes out swinging
Bottom of the 3rd over - 0 run(s), 1 hit(s), 0 error(s), 1 left on base; Santa Fe 4 - Montgomery 3
TOP OF THE 4TH
Santa Fe Diablos batting - Pitching for Montgomery Biscuits : LHP Trevor Nichols
Batting: RHB Mike Martin 0-0: Ball
1-0: SINGLE (Groundball, 6MD)
Batting: LHB Arturo Rodledo 0-0: Called Strike
0-1: Foul Ball, location: 2F
0-2: Ball
1-2: Foul Ball, location: 2F
1-2: Strikes out swinging
Batting: LHB Javier Martínez 0-0: Grounds into double play, 5-4-3 (Groundball, 56)
Top of the 4th over - 0 run(s), 1 hit(s), 0 error(s), 0 left on base; Santa Fe 4 - Montgomery 3
BOTTOM OF THE 4TH
Montgomery Biscuits batting - Pitching for Santa Fe Diablos : RHP Jerry Campbell
Batting: RHB Glen MacDonald 0-0: Foul Ball, location: 2F
0-1: Swinging Strike
0-2: Strikes out swinging
Batting: RHB Dave Roberts 0-0: Ball
1-0: Ground out 5-3 (Groundball, 56)
Batting: LHB António Fernández 0-0: Fly out, F3 (Line Drive, 34)
Bottom of the 4th over - 0 run(s), 0 hit(s), 0 error(s), 0 left on base; Santa Fe 4 - Montgomery 3
TOP OF THE 5TH
Santa Fe Diablos batting - Pitching for Montgomery Biscuits : LHP Trevor Nichols
Batting: RHB Félix Campos 0-0: Ball
1-0: Called Strike
1-1: Ball
2-1: Called Strike
2-2: Foul Ball, location: 2F
2-2: Strikes out swinging
Batting: RHB Gerald Johnson 0-0: Fly out, F9 (Flyball, 89M)
Batting: RHB Ray Ervin 0-0: Called Strike
0-1: Swinging Strike
0-2: Fly out, F8 (Line Drive, 78M)
Top of the 5th over - 0 run(s), 0 hit(s), 0 error(s), 0 left on base; Santa Fe 4 - Montgomery 3
BOTTOM OF THE 5TH
Montgomery Biscuits batting - Pitching for Santa Fe Diablos : RHP Jerry Campbell
Batting: RHB Jerry Johnston 0-0: Called Strike
0-1: Called Strike
0-2: Foul Ball, location: 2F
0-2: Ball
1-2: Foul Ball, location: 2F
1-2: Ball
2-2: Foul Ball, location: 2F
2-2: Strikes out swinging
Batting: RHB José Montoya 0-0: Fly out, F8 (Flyball, 8LM)
Batting: RHB Carlos Vásquez 0-0: Ground out 1-3 (Groundball, 15)
Bottom of the 5th over - 0 run(s), 0 hit(s), 0 error(s), 0 left on base; Santa Fe 4 - Montgomery 3
TOP OF THE 6TH
Santa Fe Diablos batting - Pitching for Montgomery Biscuits : LHP Trevor Nichols
Batting: LHB Michael Barrett 0-0: Called Strike
0-1: Called Strike
0-2: Ball
1-2: SINGLE (Groundball, 5D)
Batting: RHB Frank Martínez 0-0: Ball
1-0: Foul Ball, location: 2F
1-1: Ball
2-1: Fly out, F8 (Flyball, 78M)
Batting: LHB Luis Torres 0-0: Ball
1-0: Grounds into double play, 4-6-3 (Groundball, 4)
Top of the 6th over - 0 run(s), 1 hit(s), 0 error(s), 0 left on base; Santa Fe 4 - Montgomery 3
BOTTOM OF THE 6TH
Montgomery Biscuits batting - Pitching for Santa Fe Diablos : RHP Jerry Campbell
Batting: LHB Bob Jones 0-0: Called Strike
0-1: Ground out 4-3 (Groundball, 4)
Batting: RHB Rusty Downy 0-0: Fly out, F9 (Flyball, 9S)
Batting: RHB Bob McDonald 0-0: Called Strike
0-1: Foul Ball, location: 2F
0-2: Foul Ball, location: 2F
0-2: Strikes out swinging
Bottom of the 6th over - 0 run(s), 0 hit(s), 0 error(s), 0 left on base; Santa Fe 4 - Montgomery 3
TOP OF THE 7TH
Santa Fe Diablos batting - Pitching for Montgomery Biscuits : LHP Trevor Nichols
Batting: RHB Mike Martin 0-0: Ball
1-0: Ball
2-0: Fly out, F9 (Flyball, 9S)
Batting: LHB Arturo Rodledo 0-0: SINGLE (Line Drive, 56)
Batting: LHB Javier Martínez 0-0: Ball
1-0: Foul Ball, location: 2F
1-1: Swinging Strike
1-2: Ball
2-2: Foul Ball, location: 2F
2-2: Ball
3-2: Foul Ball, location: 2F
3-2: Base on Balls
Arturo Rodledo to second
Pinch Hitting: RHB Ricardo Remedios 0-0: Ball
1-0: Fly out, F4 (Popup, 3L)
Pitching: RHP Jorge Gonzáles
Pinch Hitting: LHB John Bond 0-0: Called Strike
0-1: Ground out 1-3 (Groundball, P)
Top of the 7th over - 0 run(s), 1 hit(s), 0 error(s), 2 left on base; Santa Fe 4 - Montgomery 3
BOTTOM OF THE 7TH
Montgomery Biscuits batting - Pitching for Santa Fe Diablos : RHP Jerry Campbell
Pitching: LHP Dan O'Brien
Now at 2B: Soetsu Kaneko
Now in RF: Ricardo Remedios
Batting: RHB Glen MacDonald 0-0: Ball
1-0: Foul Ball, location: 2F
1-1: Foul Ball, location: 2F
1-2: Ball
2-2: Foul Ball, location: 2F
2-2: SOLO HOME RUN (Flyball, 7D), Distance : 380 ft
Batting: RHB Dave Roberts 0-0: Foul Ball, location: 2F
0-1: Called Strike
0-2: Ground out 6-3 (Groundball, 6)
Batting: LHB António Fernández 0-0: Called Strike
0-1: Ball
1-1: Foul Ball, location: 2F
1-2: Ball
2-2: Strikes out looking
Batting: RHB Jerry Johnston 0-0: Called Strike
0-1: Swinging Strike
0-2: Ball
1-2: Strikes out swinging
Bottom of the 7th over - 1 run(s), 1 hit(s), 0 error(s), 0 left on base; Santa Fe 4 - Montgomery 4
TOP OF THE 8TH
Santa Fe Diablos batting - Pitching for Montgomery Biscuits : RHP Jorge Gonzáles
Batting: RHB Ray Ervin 0-0: Ball
1-0: Called Strike
1-1: Ground out 1-3 (Groundball, 13S)
Batting: LHB Michael Barrett 0-0: DOUBLE (Line Drive, 89D)
Pinch Hitting: SHB Ángel Díaz 0-0: SINGLE (Line Drive, 6)
Michael Barrett to third
Batting: LHB Luis Torres 0-0: Ball
1-0: SINGLE (Flyball, 89S)
Michael Barrett scores
Ángel Díaz to second
Runner from 2nd tries for 3rd, SAFE, no throw
Batting: RHB Mike Martin 0-0: Ball
1-0: Called Strike
1-1: Ball
2-1: Ball
3-1: Foul Ball, location: 2F
3-2: Strikes out swinging
Batting: LHB Arturo Rodledo 0-0: Called Strike
0-1: Swinging Strike
0-2: Ball
1-2: Foul Ball, location: 2F
1-2: Strikes out swinging
Top of the 8th over - 1 run(s), 3 hit(s), 0 error(s), 2 left on base; Santa Fe 5 - Montgomery 4
BOTTOM OF THE 8TH
Montgomery Biscuits batting - Pitching for Santa Fe Diablos : LHP Dan O'Brien
Pitching: RHP Manuel Zarate
Now at SS: Chris Deem
Batting: RHB José Montoya 0-0: Swinging Strike
0-1: Ground out 6-3 (Groundball, 6)
Batting: RHB Carlos Vásquez 0-0: Ball
1-0: Ball
2-0: Ground out 6-3 (Groundball, 56)
Pitching: LHP Daniel Draper
Batting: LHB Bob Jones 0-0: Called Strike
0-1: Ball
1-1: Fly out, F7 (Flyball, 78M)
Bottom of the 8th over - 0 run(s), 0 hit(s), 0 error(s), 0 left on base; Santa Fe 5 - Montgomery 4
TOP OF THE 9TH
Santa Fe Diablos batting - Pitching for Montgomery Biscuits : RHP Jorge Gonzáles
Batting: LHB Javier Martínez 0-0: Fly out, F4 (Popup, 34D)
Batting: RHB Ricardo Remedios 0-0: Called Strike
0-1: Ball
1-1: Ball
2-1: Foul Ball, location: 2F
2-2: Foul Ball, location: 2F
2-2: DOUBLE (Line Drive, 7)
Batting: RHB Soetsu Kaneko 0-0: Ball
1-0: Called Strike
1-1: Ball
2-1: Foul Ball, location: 2F
2-2: Hit by Pitch
Batting: RHB Ray Ervin 0-0: Ball
Ricardo Remedios steals 3rd base
Soetsu Kaneko to second
1-0: Called Strike
1-1: Foul Ball, location: 2F
1-2: Ball
2-2: Foul Ball, location: 2F
2-2: SINGLE (Groundball, 56D)
Ricardo Remedios scores
Soetsu Kaneko to third
Runner from 3rd tries for Home, SAFE, throw made home
Ray Ervin to second
Batting: LHB Michael Barrett 0-0: Intentional Walk
Batting: RHB Chris Deem 0-0: Ball
1-0: Swinging Strike
1-1: Called Strike
1-2: Ball
2-2: Strikes out swinging
Pitching: RHP Steven Browne
Batting: LHB Luis Torres 0-0: Swinging Strike
0-1: Ball
1-1: Ball
2-1: Ball
3-1: Called Strike
3-2: Base on Balls
Ray Ervin to third
Michael Barrett to second
Batting: RHB Mike Martin 0-0: Ball
1-0: Foul Ball, location: 2F
1-1: Foul Ball, location: 2F
1-2: Foul Ball, location: 2F
1-2: Foul Ball, location: 2F
1-2: Strikes out swinging
Top of the 9th over - 2 run(s), 2 hit(s), 0 error(s), 3 left on base; Santa Fe 7 - Montgomery 4
BOTTOM OF THE 9TH
Montgomery Biscuits batting - Pitching for Santa Fe Diablos : LHP Daniel Draper
Pitching: RHP Jonathan Long
Batting: RHB Rusty Downy 0-0: Ground out 6-3 (Groundball, 6D)
Batting: RHB Bob McDonald 0-0: SINGLE (Line Drive, 78S)
Batting: RHB Glen MacDonald 0-0: Ball
1-0: Ball
2-0: Foul Ball, location: 2F
2-1: Foul Ball, location: 2F
2-2: Strikes out swinging
Batting: RHB Dave Roberts 0-0: Swinging Strike
0-1: Swinging Strike
0-2: Strikes out looking
Bottom of the 9th over - 0 run(s), 1 hit(s), 0 error(s), 1 left on base; Santa Fe 7 - Montgomery 4
Thursday, March 30th, 2017 - OOTP Baseball 17.12 Build 75